 Dungeon Crawl Stone Soup version 0.23-a0-136-g722f094350 (webtiles) character file.

461 Napalmbreeze the Skirmisher (level 7, -1/44 HPs)
             Began as a Gargoyle Gladiator on Aug 28, 2018.
             Was a Follower of Okawaru.
             Killed from afar by an orc wizard (8 damage)
             ... with a puff of flame
             ... on level 4 of the Dungeon.
             The game lasted 00:07:42 (3592 turns).

Napalmbreeze the Skirmisher (Gargoyle Gladiator)    Turns: 3592, Time: 00:07:43

Health: -1/44      AC: 15    Str: 18    XL:     7   Next: 7%
Magic:  5/7        EV: 15    Int:  8    God:    Okawaru [*.....]
Gold:   185        SH:  0    Dex: 13    Spells: 6/6 levels left

rFire    . . .     SeeInvis .   y - +0 war axe
rCold    . . .     Gourm    .   (no shield)
rNeg     + . .     Faith    .   l - +0 ring mail
rPois    ∞         Spirit   .   o - +2 hat
rElec    +         Reflect  .   (no cloak)
rCorr    .         Harm     .   u - +0 pair of gloves
MR       .....                  (no boots)
Stlth    ++........             (no amulet)
HPRegen  0.14/turn              D - ring of flight
MPRegen  0.10/turn              (no ring)

@: heroism
A: negative energy resistance 1, electricity resistance, unbreathing,
petrification resistance, rot immunity, AC +4
a: Heroism, Renounce Religion, Evoke Flight


You were on level 4 of the Dungeon.
You worshipped Okawaru.
Okawaru was aware of your devotion.
You were not hungry.

You visited 1 branch of the dungeon, and saw 4 of its levels.

You collected 185 gold pieces.

Inventory:

Hand Weapons
 a - a +0 flail
 y - a +0 war axe (weapon)
Missiles
 d - 3 throwing nets (quivered)
Armour
 c - a +0 helmet
 l - a +0 ring mail (worn)
 o - a +2 hat (worn)
 u - a +0 pair of gloves (worn)
Jewellery
 D - a ring of flight (left hand)
Wands
 w - a wand of iceblast (8)
 B - a wand of polymorph (13)
Scrolls
 b - 3 scrolls of enchant weapon {unknown}
 e - 2 scrolls of enchant armour {unknown}
 g - 2 scrolls of magic mapping {unknown}
 h - a scroll of fog {unknown}
 i - 3 scrolls of remove curse {unknown}
 j - 4 scrolls of identify {unknown}
 k - a scroll of noise {unknown}
 m - a scroll of amnesia {unknown}
 q - 2 scrolls of teleportation {unknown}
 s - 2 scrolls of immolation {unknown}
 A - 3 scrolls of fear {unknown}
 C - a scroll of blinking {unknown}
Potions
 p - a potion of cancellation {unknown}
 r - a potion of brilliance {unknown}
 t - a potion of heal wounds {unknown}
 v - a potion of degeneration {unknown}
 x - a potion of lignification {unknown}
 z - a potion of magic {unknown}
Comestibles
 f - 4 rations
 n - 7 chunks of flesh


   Skills:
 + Level 4.7(9.7) Fighting
 * Level 2.6(8.5) Axes
 - Level 3.7(9.2) Maces & Flails
 - Level 1.7(6.7) Throwing
 + Level 3.1(8.1) Armour
 + Level 3.5(8.5) Dodging
 + Level 0.0 Invocations


You had 6 spell levels left.
You didn't know any spells.
Your spell library was empty.

Dungeon Overview and Level Annotations

Branches:
Dungeon (4/15)
 Temple: D:4-7

Altars:
Okawaru
Qazlal


Innate Abilities, Weirdness & Mutations

You are resistant to torment.
Your stone body is resilient. (AC +4)
You are immune to poison.
You resist negative energy. (rN+)
You are resistant to electric shocks. (rElec)
You can survive without breathing.
You are immune to petrification.
You are immune to rotting.


Message History

The orc wizard is severely wounded.
The orc wizard hits you but does no damage.
The orc priest hits you from afar with a trident.
The orc wizard casts a spell at you. The puff of flame hits you!
You hit the orc wizard but do no damage.
The orc wizard is severely wounded.
The orc wizard hits you but does no damage.
The orc priest hits you from afar with a trident.
The orc wizard mumbles some strange words.
The orc wizard flickers and vanishes!
Deactivating autopickup; reactivate with Ctrl-A.
The orc priest mumbles some strange prayers to Beogh against you.
Beogh smites you!
* * * LOW HITPOINT WARNING * * *
You gain the combat prowess of a mighty hero.
You hear some strange, mumbled words.
A puff of flame appears from out of thin air!
The puff of flame hits you!
You die...

#.......# #.#........#
##.###### #.#........#
#####..#######.#........#
.##.
..O......................
....
.......#######.#........#
##.
................oo......#
######..########o#.......
# ..# #{#####... # ...#
#@# .. #. # .#.# #.# .
#.# ### ..#.# #.# #.#.#
#.# #..#.## #.# ##.#.#
#.# #..#..# #.# . ..#.#
#.# #..##.# #.# #.#.
#.#.# #.# #..##.######.#
#.# #.#.##.#.#
#.###..##......#.# #.#
#.........
.......##......#.# #.#
#.#.##.#.#


You could see an orc priest and 2 orcs.

Vanquished Creatures
  An ogre (D:4)
  4 orc wizards
  4 iguanas
  A worker ant (D:4)
  7 adders
  An ooze (D:3)
  An adder skeleton (D:3)
  3 worms
  A dart slug (D:1)
  4 orcs
  6 giant cockroaches
  6 goblins
  6 hobgoblins
  6 jackals
  2 quokkas
  A ball python (D:1)
  5 bats
  5 frilled lizards
  9 kobolds
  9 rats
82 creatures vanquished.

Notes
Turn   | Place    | Note
-------+----------+-------------------------------------------
     0 | D:1      | Napalmbreeze the Gargoyle Gladiator began the quest for the
                  | Orb.
     0 | D:1      | Reached XP level 1. HP: 12/12 MP: 1/1
   233 | D:1      | Reached XP level 2. HP: 18/18 MP: 2/2
   788 | D:2      | Reached skill level 1 in Armour
   866 | D:2      | Reached XP level 3. HP: 22/22 MP: 3/3
   894 | D:2      | Reached skill level 3 in Fighting
  1069 | D:2      | Found a stormy altar of Qazlal.
  1210 | D:2      | Found a faded altar of an unknown god.
  1506 | D:3      | Reached XP level 4. HP: 25/28 MP: 4/4
  1942 | D:3      | Reached XP level 5. HP: 33/33 MP: 5/5
  2073 | D:3      | Found an iron altar of Okawaru.
  2089 | D:3      | Reached skill level 4 in Fighting
  2101 | D:3      | Became a worshipper of Warmaster Okawaru
  2593 | D:4      | Noticed an ogre
  2849 | D:3      | Reached skill level 1 in Axes
  2958 | D:4      | Killed an ogre
  2958 | D:4      | Reached XP level 6. HP: 30/39 MP: 6/6
  3219 | D:3      | Reached * piety under Okawaru
  3442 | D:4      | Reached XP level 7. HP: 42/44 MP: 7/7
  3592 | D:4      | Killed from afar by an orc wizard

Vault maps used:
D:1:      eino_arrival_cavern_c
D:2:      chequers_ecumenical_altar_simple_redux, grunt_qazlal_sundering
D:3:      okawaru_ov_weapons_minmay
D:4:      first_ration, uniq_robin

Skill      XL: |  1  2  3  4  5  6 |
---------------+-------------------+-----
Armour         | 1 2 3 |  3.1
Fighting       | 3 4 |  4.7
Dodging        | 3 |  3.5
Axes           | 1 2 |  2.6
Maces & Flails | |  3.7
Throwing       | |  1.7

Action                   |  1- 3 |  4- 6 |  7- 9 || total
-------------------------+-------+-------+-------++-------
Melee: Flail             |   108 |    98 |       ||   206
       War axe           |       |   145 |    14 ||   159
Invok: Heroism           |       |       |     1 ||     1
  Use: Potion            |       |     2 |       ||     2
  Eat: Chunk             |     2 |     7 |       ||     9
Armor: Leather armour    |    13 |       |       ||    13
       Ring mail         |    56 |   165 |    13 ||   234
Dodge: Dodged            |    96 |   198 |     9 ||   303

Table legend:
 A = Non-vault XP
 B = Vault XP
 C = Vault XP percentage of total XP
 D = Non-vault monster count
 E = Vault monster count
 F = Vault count percentage of total count
                 A         B        C        D         E       F
            +---------+---------+-------+---------+---------+-------
      Total |     659 |       0 |   0.0 |      82 |       0 |   0.0
            +---------+---------+-------+---------+---------+-------
        D:1 |      33 |       0 |   0.0 |      14 |       0 |   0.0
        D:2 |      84 |       0 |   0.0 |      17 |       0 |   0.0
        D:3 |     238 |       0 |   0.0 |      37 |       0 |   0.0
        D:4 |     304 |       0 |   0.0 |      14 |       0 |   0.0
            +---------+---------+-------+---------+---------+-------
